 Dungeon Crawl Stone Soup version 0.29-a0-322-g68df515428 (webtiles) character file.

Game seed: 5370537580036767563

5 GigaChad the Skirmisher (level 1, 0/19 HPs)
             Began as a Draconian Chaos Knight on Apr 7, 2022.
             Was a Plaything of Xom.
             Slain by a rat (2 damage)
             ... on level 1 of the Dungeon.
             The game lasted 00:00:14 (40 turns).

GigaChad the Skirmisher (Draconian Chaos Knight)      Turns: 40, Time: 00:00:16

Health: 0/19       AC:  4    Str: 14    XL:     1   Next: 66%
Magic:  1/1        EV: 12    Int: 12    God:    Xom [..*...]
Gold:   0          SH:  0    Dex: 10    Spells: 0/0 levels left

rFire   . . .      SeeInvis .   a - +0 falchion (chaos)
rCold   . . .      Faith    .   (no shield)
rNeg    . . .      Spirit   .   (body armour unavailable)
rPois   .          Reflect  .   (helmet restricted)
rElec   .          Harm     .   (no cloak)
rCorr   .          Rampage  .   (no gloves)
Will    .....                   (no boots)
Stlth   +.........              (no amulet)
HPRegen 0.06/turn               (no ring)
MPRegen 0.07/turn               (no ring)

@: no status effects
A: AC +4, unfitting armour, cold-blooded
a: Renounce Religion


You were on level 1 of the Dungeon.
You worshipped Xom.
You were a toy of Xom.
You visited 1 branch of the dungeon, and saw 1 of its levels.

Inventory:

Hand Weapons
 a - a +0 falchion of chaos (weapon)
Miscellaneous
 b - a piece from Xom's chessboard (15/15) (quivered)


   Skills:
 + Level 3.4 Fighting
 + Level 3.1 Long Blades
 + Level 2.2 Dodging


You couldn't memorise any spells.
You didn't know any spells.
Your spell library was empty.

Dungeon Overview and Level Annotations

Branches:
Dungeon (1/15)

Altars:


Innate Abilities, Weirdness & Mutations

Your plain brown scales are hard. (AC +4)
You cannot fit into any form of body armour.
You are cold-blooded and may be slowed by cold attacks.


Message History

The jackal closely misses you. x2; The hobgoblin hits the jackal.
You hit the jackal. You tail-slap the jackal.
You kill the jackal!
The jackal closely misses you. The jackal barely misses you.
The giant cockroach closely misses you. The jackal barely misses you.
The jackal bites you but does no damage.
The giant cockroach barely misses you.
Found a shiny buckler.
The jackal misses you. The jackal barely misses you.
The giant cockroach barely misses you.
You see here a jackal corpse.
The giant cockroach attacks as you move away!
The giant cockroach bites you but does no damage.
The jackal bites you but does no damage.
The jackal closely misses you. The jackal barely misses you.
The rat closely misses you. The hobgoblin barely misses you.
The jackal bites you.
* * * LOW HITPOINT WARNING * * *
You slash the giant cockroach!
You kill the giant cockroach!
The jackal barely misses you. The jackal closely misses you.
The rat closely misses you.
The hobgoblin says, "Why is everything spinning?"
The hobgoblin barely misses you. The jackal closely misses you. x2
The hobgoblin asks, "Who are you?"
The hobgoblin misses the rat.
The jackal bites you but does no damage.
The jackal barely misses you.
Things that are here:
a giant cockroach corpse; a jackal corpse You closely miss the jackal.
The jackal is heavily wounded.
The jackal barely misses you. The jackal misses you.
The rat bites you but does no damage.
You hit the jackal but do no damage.
The jackal is heavily wounded.
The jackal misses you. The jackal bites you.
* * * LOW HITPOINT WARNING * * *
The rat bites you.
You die...

........ #....# #..#####
#....# #..#...
#####....###..#...
...........#..#..#### .
.†.......#.#..#.....# .[.
..###....#.#..##.#.##..#.
#..##....#.#....h........
##..............@r.g..>..
.#########.#..##h..#####.
..# #.#..##....... ..#
#.#............ ..#
#.#.###...##### ..# #.#..
.[..# ..# #...# #...# .##
..... ..... +#


You could see 2 jackals, a hobgoblin (confused) and a rat.

Vanquished Creatures
  A bat (D:1)
  A giant cockroach (D:1)
  2 jackals (D:1)
4 creatures vanquished.

Notes
Turn   | Place    | Note
-------+----------+-------------------------------------------
     0 | D:1      | GigaChad the Draconian Chaos Knight began the quest for the
                  | Orb.
     0 | D:1      | Reached XP level 1. HP: 19/19 MP: 1/1
    40 | D:1      | Slain by a rat

Illustrated notes

Levels and vault maps discovered:
D:1:      lemuel_arrival_rhombus, layout_basic, ebering_ecumenical_altar_mist

Action                   || total
-------------------------++-------
Melee: Falchion          ||    11
       Tailslap          ||     1
Armor: Skin              ||     8
Dodge: Dodged            ||    39

Table legend: (Time is in decaauts)
 A = Elapsed time spent in this place.
 B = Non-inter-level travel time spent in this place.
 C = Inter-level travel time spent in this place.
 D = Time resting spent in this place.
 E = Time spent auto-exploring this place.
 F = Levels seen in this place.
 G = Mean time per level.
                   A        B        C        D        E       F      G
               +--------+--------+--------+--------+--------+-----+--------+
         Total |     41 |     41 |      0 |      0 |     18 |   1 |   41.0 |
       Dungeon |     41 |     41 |      0 |      0 |     18 |   1 |   41.0 |
               +--------+--------+--------+--------+--------+-----+--------+

Top non-repeatable levels by time:
     D:1: 41 daAuts
